AoeStats
← JaggedJimmyJay

Enclosed

506089866Analyzed
1v1 RM · 22d ago on Sep 12, 2026· 25m 13s· 2 players
Game mode
Random Map
Map size
Tiny (2 player)
Population
200
Speed
Normal
Resources
Standard
Victory
Conquest
Starting age
Dark Age
Ending age
Imperial Age
RankedLock teamsTeams togetherTeam positionsShared explorationLock speedFull tech treeHidden civsTurbo modeCheats
Victory
Defeat
🇺🇸 Goths · United States
1017
+17
🇪🇸 Spanish · Spain
1046
-17
JaggedJimmyJay
7:14 Loom
9:37 Feudal Age
10:24 Man-at-Arms
22:47 Castle Age
22:13 Scale Mail Armor
22:05 Fletching
[VITA] javgomber
7:18 Loom
10:54 Feudal Age
15:57 Castle Age
Connection lost

Rejoining the realm…

Still unreachable

The connection could not be restored.

Session expired

The server has moved on; the page needs a fresh start.